AoeStats
← hightower_208

Arena

506659915Analyzed
2v2 RM · 19d ago on Sep 14, 2026· 39m 40s· 4 players
Game mode
Random Map
Map size
Medium (4 player)
Population
200
Speed
Normal
Resources
Standard
Victory
Conquest
Starting age
Dark Age
Ending age
Imperial Age
RankedLock teamsTeams togetherTeam positionsShared explorationLock speedFull tech treeHidden civsTurbo modeCheats
Victory
Defeat
🇪🇸 Portuguese · Spain
1623
+17
🇪🇸 Jurchens · Spain
1593
+18
🇩🇪 Goths · Germany
1686
-19
🇩🇪 Italians · Germany
1609
-16
DS_Maulet
10:44 Feudal Age
14:30 Castle Age
12:43 Double-Bit Axe
13:15 Loom
13:17 Horse Collar
15:28 Bow Saw
22:03 Gold Mining
23:19 Sanctity
24:10 Wheelbarrow
24:30 Devotion
24:44 Redemption
25:32 Town Watch
26:59 Hand Cart
27:42 Heavy Plow
31:56 Imperial Age
30:28 Stone Mining
32:57 Conscription
32:45 Siege Engineers
32:23 Elite Organ Gun
33:53 Arquebus
35:14 Chemistry
38:19 Masonry
38:43 Fletching
pau795
10:26 Feudal Age
14:35 Castle Age
12:49 Double-Bit Axe
12:46 Horse Collar
15:31 Bow Saw
18:51 Loom
19:43 Wheelbarrow
26:32 Imperial Age
24:53 Gold Mining
25:05 Heavy Plow
26:15 Hand Cart
26:29 Padded Archer Armor
27:42 Conscription
27:17 Town Watch
29:18 Chemistry
29:35 Ballistics
30:33 Thunderclap Bombs
31:46 Leather Archer Armor
33:08 Ring Archer Armor
33:15 Siege Engineers
33:21 Masonry
33:35 Scale Barding Armor
33:54 Elite Skirmisher
35:10 Chain Barding Armor
34:11 Light Cavalry
35:02 Bloodlines
34:52 Husbandry
37:21 Plate Barding Armor
37:03 Fletching
37:37 Forging
40:02 Architecture
39:33 Treadmill Crane
hightower_208
10:31 Feudal Age
14:22 Castle Age
12:58 Double-Bit Axe
14:35 Horse Collar
15:27 Bow Saw
18:20 Scale Barding Armor
19:45 Husbandry
21:00 Gold Mining
22:22 Wheelbarrow
22:13 Chain Barding Armor
22:12 Loom
25:11 Bloodlines
26:04 Heavy Plow
28:18 Forging
30:08 Devotion
32:57 Imperial Age
32:29 Hand Cart
33:02 Iron Casting
33:12 Squires
34:07 Conscription
35:10 Blast Furnace
34:11 Scale Mail Armor
34:22 Perfusion
36:00 Chain Mail Armor
37:52 Blast Furnace
39:14 Chemistry
Mjoelnir
10:57 Feudal Age
11:51 Double-Bit Axe
14:26 Castle Age
12:21 Horse Collar
21:38 Wheelbarrow
21:03 Loom
22:59 Gold Mining
28:06 Imperial Age
25:58 Fletching
27:09 Bow Saw
26:59 Heavy Plow
26:57 Bodkin Arrow
28:01 Padded Archer Armor
29:11 Ballistics
28:52 Bracer
30:04 Conscription
30:02 Leather Archer Armor
30:49 Chemistry
31:27 Ring Archer Armor
31:02 Elite Skirmisher
31:48 Thumb Ring
31:47 Elite Genoese Crossbowman
33:54 Masonry
35:18 Silk Road
Connection lost

Rejoining the realm…

Still unreachable

The connection could not be restored.

Session expired

The server has moved on; the page needs a fresh start.